 Dungeon Crawl Stone Soup version 0.30-a0-719-gcc4359ea44 (webtiles) character file.

Game seed: 17722664287452520475

12201 Dirtsage the Martial Artist (level 11, -6/90 HPs)
             Began as an Octopode Transmuter on Jan 26, 2023.
             Was a Believer of the Shining One.
             Mangled by a yak (9 damage)
             ... on level 1 of the Lair of Beasts.
             The game lasted 00:24:08 (11755 turns).

Dirtsage the Martial Artist (Octopode Transmuter)  Turns: 11755, Time: 00:24:08

Health: -6/90      AC:  9    Str:  9    XL:     11   Next: 89%
Magic:  16/16      EV: 11    Int: 21    God:    the Shining One [**....]
Gold:   702        SH:  5    Dex: 12    Spells: 7/14 levels left

rFire   . . .      SeeInvis .      - Unarmed
rCold   + + .      Faith    .    (shield currently unavailable)
rNeg    + . .      Spirit   .    (helmet currently unavailable)
rPois   +          Reflect  +    C - amulet of reflection
rElec   .          Harm     .    u - ring of fire
rCorr   .          Rampage  .    (no ring)
Will    .....                    (no ring)
Stlth   +                        (no ring)
HPRegen 0.35/turn                (no ring)
MPRegen 0.15/turn                (no ring)
                                 (no ring)
                                 (no ring)

@: lethally poisoned (-6 -> -7), ice-form (expiring), wereblooded, glowing
A: freezing attack, boosted hp, almost no armour, amphibious, 8 rings, large,
(camouflage 1), (gelatinous body 1), (nimble swimmer 1), (tentacles)
a: End Transformation, Renounce Religion, Divine Shield


You were on level 1 of the Lair of Beasts.
You worshipped the Shining One.
The Shining One was pleased with you.
You were a creature of crystalline ice.
You visited 3 branches of the dungeon, and saw 12 of its levels.
You also visited: Sewer.

You collected 702 gold pieces.

Inventory:

Missiles
 E - 2 curare-tipped darts
Magical Staves
 F - a staff of cold
Jewellery
 u - a ring of fire (left front paw)
 C - an amulet of reflection (around neck)
 H - an amulet of magic regeneration
 K - an amulet of the acrobat
Wands
 i - a wand of flame (1)
 p - a wand of polymorph (7)
 y - a wand of iceblast (13)
 D - a wand of charming (4)
 I - a wand of quicksilver (4)
Scrolls
 a - 3 scrolls of noise {unknown}
 b - 9 scrolls of teleportation {unknown}
 c - 4 scrolls of poison {unknown}
 d - 3 scrolls of immolation
 e - 5 scrolls of enchant armour
 f - 2 scrolls of butterflies {unknown}
 k - 5 scrolls of enchant weapon {unknown}
 n - 3 scrolls of amnesia {unknown}
 o - 4 scrolls of fog {unknown}
 r - a scroll of brand weapon {unknown}
 t - 10 scrolls of identify {unknown}
 v - a scroll of vulnerability {unknown}
 B - a scroll of fear {unknown}
 J - a scroll of torment {unknown}
 L - a scroll of magic mapping {unknown}
Potions
 g - a potion of resistance {unknown}
 h - 2 potions of brilliance {unknown}
 j - 6 potions of flight
 l - 3 potions of heal wounds
 m - a potion of mutation
 q - 5 potions of curing
 s - 2 potions of lignification
 w - a potion of magic {unknown}
 x - a potion of might {unknown}
 z - 2 potions of attraction {unknown}
 A - a potion of haste {unknown}
 G - a potion of cancellation {unknown}


   Skills:
 + Level 7.4 Fighting
 + Level 4.4 Dodging
 * Level 9.8 Unarmed Combat
 - Level 2.0 Spellcasting
 - Level 8.0 Transmutations
 - Level 8.0 Ice Magic
 - Level 6.7 Invocations
 + Level 5.9 Evocations


You had 7 spell levels left.
You knew the following spells:

 Your Spells              Type           Power      Damage    Failure   Level
a - Beastly Appendage     Tmut           70%        N/A       1%          1
b - Wereblood             Tmut           35%        N/A       1%          2
c - Ice Form              Ice/Tmut       35%        N/A       5%          4

Your spell library contained the following spells:

 Spells                   Type           Power      Damage    Failure   Level
 Spider Form              Tmut/Pois      18%        N/A       9%          3
 Necrotise                Necr           8%         1d4       14%         1
 Lesser Beckoning         Tloc           4%         N/A       22%         2
 Sublimation of Blood     Necr           2%         N/A       22%         2
 Petrify                  Tmut/Erth      18%        N/A       28%         4
 Gell's Gravitas          Tloc           2%         N/A       41%         3
 Teleport Other           Tloc           2%         N/A       41%         3
 Vampiric Draining        Necr           2%         2d6       41%         3
 Irradiate                Conj/Tmut      9%         3d14      61%         5
 Agony                    Necr           2%         N/A       99%         5


Dungeon Overview and Level Annotations

Branches:
Dungeon (10/15)            Temple (1/1) D:6            Lair (1/5) D:10
  Sewer (visited)
    Orc: D:9-12

Altars:
Ashenzari
Cheibriados
Dithmenos
Elyvilon
Fedhas
Gozag
Hepliaklqana
Kikubaaqudgha
Makhleb
Nemelex Xobeh
Okawaru
Qazlal
Ru
Sif Muna
Trog
Uskayaw
Vehumet
Wu Jian
Xom
Yredelemnul
Zin
The Shining One


Innate Abilities, Weirdness & Mutations

You are a creature of crystalline ice.
You have a powerful freezing melee attack.
Your maximum health is increased.
Your armour is entirely melded.
You are incapable of wielding weapons or throwing items.
You cannot wear most types of armour.
You are amphibious.
You can wear up to eight rings at the same time.
((Your skin changes colour to match your surroundings (Stealth+).))
((Your rubbery body absorbs attacks. (AC +1, EV +1)))
((You are camouflaged when in or above water. (Stealth+)))
((You have tentacles for arms and can constrict up to eight enemies at once.))


Message History

The cane toad is severely wounded.
You feel sick.
You take 1 damage, and have 50/90 hp.
You hit the cane toad but do no damage.
The cane toad is severely wounded.
You feel sick.
The cane toad is no longer moving slowly.
You block the cane toad's attack. The yak gores you!
You take 15 damage, and have 35/90 hp.
You hit the cane toad but do no damage.
The cane toad is severely wounded.
You feel sick. The cane toad stings you!
* * * LOW HITPOINT WARNING * * *
The yak gores you!
* * * LOW HITPOINT WARNING * * *
The yak gores you but does no damage.
You take 27 damage, and have 8/90 hp.
MASSIVE DAMAGE!!
You punch the cane toad!
The cane toad seems to slow down.
You freeze the cane toad.
You feel a bit better.
You kill the cane toad!
Your transformation is almost over.
You feel sick.
You regained 3 hp, and now have 11/90 hp.
You feel sick. You block the yak's attack.
You see here a wolf corpse.
You take 1 damage, and have 10/90 hp.
You pummel the yak!! You freeze the yak!
The yak is severely wounded.
You feel sick. You block the yak's attack.
You take 1 damage, and have 9/90 hp.
You hit the yak but do no damage.
The yak is severely wounded.
You feel sick. The yak gores you!
* * * LOW HITPOINT WARNING * * *
You take 7 damage, and have 2/90 hp.
MP restored: 16 You punch the yak!
You freeze the yak.
You feel a bit better.
You kill the yak!
You feel sick. The yak gores you!
You die...

....... ......#
.....# ....# #
#...#####.#
#.........
#..Y...... #.Y†.#
#..Y.# ##....#
#.....# ##...^####
### .
#.....#.#####.####.
#..................
#..................
#...................


You could see 2 yaks.

Vanquished Creatures
  Nergalle (D:10)
  An ugly thing (D:7)
  2 black mambas (Lair:1)
  2 cane toads (Lair:1)
  A kobold demonologist (D:9)
  A troll (D:9)
  Grinder (D:3)
  Prince Ribbit (D:7)
  Sigmund (D:3)
  A slime creature (D:7)
  A shadow (D:9)
  3 wyverns
  A wraith (D:10)
  21 yaks
  A basilisk (D:10)
  A steam dragon (D:7)
  2 water moccasins
  4 orc warriors
  2 sky beasts (D:7)
  5 black bears
  4 ogres
  4 wolves (Lair:1)
  5 phantoms
  2 centaurs
  Blork the orc (D:5)
  11 kobold brigands
  7 bullfrogs
  2 scorpions
  A necrophage (D:6)
  A water moccasin zombie (D:4)
  4 killer bees (D:7)
  2 howler monkeys
  2 bullfrog zombies (D:4)
  2 gnoll boudas
  A hound (D:5)
  3 orc priests
  Jessica (D:3)
  3 iguanas
  4 orc wizards
  2 scorpion zombies (D:4)
  A hound skeleton (D:4)
  A howler monkey zombie (D:4)
  11 adders
  10 gnolls
  9 river rats
  A shadow imp (D:7)
  A white imp (D:7)
  2 adder zombies (D:4)
  7 worms
  3 dart slugs
  21 orcs
  9 ball pythons
  6 endoplasms
  6 giant cockroaches
  4 goblins
  3 hobgoblins
  A jackal (Sewer)
  4 quokkas
  13 bats
  4 frilled lizards
  17 kobolds
  A quokka skeleton (D:4)
  A quokka zombie (D:4)
  7 rats
258 creatures vanquished.

Vanquished Creatures (others)
  5 plants
  4 withered plants (D:4)
9 creatures vanquished.

Grand Total: 267 creatures vanquished

Notes
Turn   | Place    | Note
-------+----------+-------------------------------------------
     0 | D:1      | Dirtsage the Octopode Transmuter began the quest for the
                  | Orb.
     0 | D:1      | Reached XP level 1. HP: 13/13 MP: 3/3
   227 | D:1      | Reached skill level 1 in Ice Magic
   227 | D:1      | Reached XP level 2. HP: 16/18 MP: 5/5
   708 | D:1      | Found a faded altar of an unknown god.
   836 | D:2      | Reached XP level 3. HP: 23/23 MP: 4/6
  1613 | D:3      | Reached XP level 4. HP: 11/28 MP: 5/7
  1729 | D:3      | Learned a level 2 spell: Wereblood
  1734 | D:3      | Learned a level 4 spell: Ice Form
  1735 | D:3      | Found a glowing drain.
  1770 | Sewer    | Entered a sewer
  1935 | Sewer    | Reached XP level 5. HP: 18/33 MP: 1/8
  2420 | Sewer    | Reached XP level 6. HP: 24/38 MP: 2/9
  2642 | D:3      | Noticed Grinder
  2696 | D:3      | Paralysed by Grinder for 4 turns
  2705 | D:3      | Paralysed by Grinder for 2 turns
  2728 | D:3      | Paralysed by Grinder for 4 turns
  2739 | D:3      | Killed Grinder
  2740 | D:3      | Reached skill level 5 in Transmutations
  2740 | D:3      | Reached XP level 7. HP: 17/43 MP: 10/10
  2950 | D:3      | Noticed Sigmund
  2967 | D:3      | Killed Sigmund
  2968 | D:3      | Reached skill level 5 in Ice Magic
  3159 | D:3      | Noticed Jessica
  3168 | D:3      | Killed Jessica
  3578 | D:4      | Reached XP level 8. HP: 48/48 MP: 6/11
  4485 | D:5      | Entered Level 5 of the Dungeon
  4541 | D:5      | Noticed Blork the orc
  4551 | D:5      | Killed Blork the orc
  4691 | D:5      | Reached XP level 9. HP: 53/53 MP: 8/12
  4799 | D:5      | Reached skill level 1 in Invocations
  4859 | D:5      | Found a radiant altar of Vehumet.
  5337 | D:5      | Found a bloodstained altar of Trog.
  5712 | D:6      | Found a staircase to the Ecumenical Temple.
  5725 | Temple   | Entered the Ecumenical Temple
  5844 | D:6      | Reached skill level 4 in Unarmed Combat
  5918 | Temple   | Became a worshipper of the Shining One
  5942 | D:6      | Found a shimmering blue altar of Sif Muna.
  6504 | D:6      | Found a hazy altar of Hepliaklqana.
  6505 | D:6      | Found a blossoming altar of Fedhas.
  6646 | D:7      | Noticed a purple ugly thing
  6666 | D:7      | Killed a purple ugly thing
  6667 | D:7      | Reached skill level 5 in Unarmed Combat
  6967 | D:7      | Noticed Prince Ribbit
  6984 | D:7      | Killed Prince Ribbit
  6985 | D:7      | Reached skill level 5 in Invocations
  6985 | D:7      | Reached XP level 10. HP: 34/65 MP: 10/13
  7323 | D:7      | Reached skill level 5 in Fighting
  7393 | D:7      | Reached skill level 1 in Evocations
  7533 | D:7      | Reached skill level 6 in Unarmed Combat
  8197 | D:8      | Found a burning altar of Makhleb.
  8671 | D:8      | Found a snail-covered altar of Cheibriados.
  8799 | D:9      | Reached * piety under the Shining One
  8980 | D:9      | Identified the +1 plate armour "Poagg" {Str+4}
  9149 | D:9      | Reached skill level 7 in Unarmed Combat
  9267 | D:9      | Noticed a kobold demonologist
  9276 | D:9      | Killed a kobold demonologist
  9513 | D:10     | Entered Level 10 of the Dungeon
  9659 | D:10     | Reached XP level 11. HP: 72/72 MP: 9/15
  9663 | D:10     | Reached skill level 8 in Unarmed Combat
  9850 | D:10     | Found a basalt altar of Yredelemnul.
  9851 | D:10     | Found a broken altar of Ashenzari.
  9860 | D:10     | Found a staircase to the Lair.
 10268 | D:10     | Reached ** piety under the Shining One
 10460 | D:10     | Noticed Nergalle
 10475 | D:10     | Killed Nergalle
 10648 | D:10     | Reached skill level 5 in Evocations
 10814 | D:10     | Reached skill level 9 in Unarmed Combat
 11210 | Lair:1   | Entered Level 1 of the Lair of Beasts
 11754 | Lair:1   | HP: 2/90 [yak (7)]
 11755 | Lair:1   | Mangled by a yak

Illustrated notes

Levels and vault maps discovered:
D:1:      sevenhm_arrival_forest_fort_small_4, layout_loops_ring,
          chequers_ecumenical_altar_lobes, serial_bayou_pond_d
D:2:      layout_basic
D:3:      layout_loops_ring, gup_sewer_entry_bowl, kennysheep_generic_room_10,
          uniq_sigmund, uniq_grinder, uniq_jessica
D:4:      layout_basic, serial_undead, serial_undead_e, serial_undead_c,
          serial_undead_c, serial_undead_a, serial_undead_f, serial_undead_e
D:5:      layout_loops_ring, mainiacjoe_overflow_24_doors, trog_ov_bears_minmay,
          uniq_blork_the_orc
D:6:      layout_loops_ring, gammafunk_temple_overflow_forgotten,
          minmay_temple_entry_drinking_statues
D:7:      layout_basic, serial_rivers, chequers_serial_rivers_large_a,
          chequers_serial_rivers_room_b, chequers_serial_rivers_micro_b,
          chequers_serial_rivers_room_a, chequers_serial_rivers_room_a,
          chequers_serial_rivers_micro_e, kb_rosetta, uniq_prince_ribbit1
D:8:      layout_gridville, mainiacjoe_overflow_paths, kennysheep_mini_moat
D:9:      layout_cave_pools, special_room [special_room_kobold]
D:10:     layout_layer_cave, nicolae_overflow_two_pavilions, david_lair_generic,
          uniq_nergalle
Temple:   compressed_dpeg_triangle_lava_temple
Lair:1:   layout_chaotic_city

Skill      XL: |  1  2  3  4  5  6  7  8  9 10 11 |
---------------+----------------------------------+-----
Ice Magic      | 1 2 3 4 6 8 |  8.0
Transmutations | 3 4 5 6 8 |  8.0
Invocations    | 5 6 |  6.7
Fighting       | 4 6 7 |  7.4
Unarmed Combat | 5 7 9 |  9.8
Evocations     | 4 5 |  5.9
Dodging        | 4 |  4.4
Spellcasting   | |  2.0

Action                     |  1- 3 |  4- 6 |  7- 9 | 10-12 || total
---------------------------+-------+-------+-------+-------++-------
  Melee: Unarmed           |    72 |   123 |   285 |   294 ||   774
         Tentacles         |    20 |    12 |     5 |     1 ||    38
         Constrict         |    18 |    17 |     7 |     1 ||    43
         Kick              |     8 |    13 |     2 |       ||    23
         Punch             |     1 |       |     2 |       ||     3
   Cast: Beastly Appendage |    10 |     4 |     1 |       ||    15
         Wereblood         |       |     5 |    10 |    13 ||    28
         Ice Form          |       |     6 |    23 |    25 ||    54
  Evoke: Wand              |     2 |     1 |       |       ||     3
    Use: Potion            |       |     2 |     2 |       ||     4
         Scroll            |       |       |     2 |       ||     2
   Stab: Sleeping          |     6 |     5 |     1 |       ||    12
 Armour: Skin              |     2 |    39 |   131 |    96 ||   268
  Dodge: Dodged            |    39 |    71 |   148 |   110 ||   368
  Block: Other             |       |       |       |    45 ||    45
         Reflection        |       |       |       |     2 ||     2

Table legend: (Time is in decaauts)
 A = Elapsed time spent in this place.
 B = Non-inter-level travel time spent in this place.
 C = Inter-level travel time spent in this place.
 D = Time resting spent in this place.
 E = Time spent auto-exploring this place.
 F = Levels seen in this place.
 G = Mean time per level.
                   A        B        C        D        E       F      G
               +--------+--------+--------+--------+--------+-----+--------+
         Total |  11666 |  11477 |    189 |    681 |   8945 |  13 |  897.4 |
       Dungeon |  10420 |  10247 |    173 |    577 |   8142 |  10 | 1042.0 |
        Temple |     97 |     81 |     16 |      0 |     59 |   1 |   97.0 |
          Lair |    317 |    317 |      0 |      0 |    250 |   1 |  317.0 |
         Sewer |    832 |    832 |      0 |    104 |    494 |   1 |  832.0 |
               +--------+--------+--------+--------+--------+-----+--------+

Top non-repeatable levels by time:
    D:10: 1901 daAuts
     D:7: 1367 daAuts
     D:5: 1117 daAuts
     D:6: 1049 daAuts
     D:3: 1028 daAuts
     D:4: 1022 daAuts
   Sewer: 832 daAuts
     D:1: 807 daAuts
     D:2: 752 daAuts
     D:9: 751 daAuts
     D:8: 620 daAuts
  Lair:1: 317 daAuts
  Temple: 97 daAuts
